 Dungeon Crawl Stone Soup version 0.24.0-29-g8ce449bc06 (webtiles) character file.

Game seed: 12943056882843693718, levelgen mode: deterministic

117 Flugslaktarn the Skirmisher (level 4, -20/41 HPs)
             Began as a Minotaur Fighter on Nov 15, 2019.
             Was a Follower of Cheibriados.
             Demolished by Sigmund
             ... wielding a +6 scythe of distortion
              (23 damage)
             ... on level 3 of the Dungeon.
             The game lasted 00:01:03 (1559 turns).

Flugslaktarn the Skirmisher (Minotaur Fighter)      Turns: 1559, Time: 00:01:04

Health: -20/41     AC:  9    Str: 24    XL:     4   Next: 71%
Magic:  3/3        EV:  8    Int:  7    God:    Cheibriados [*.....]
Gold:   106        SH:  9    Dex: 11    Spells: 3/3 levels left

rFire    . . .     SeeInvis .   a - +0 war axe
rCold    . . .     Gourm    .   c - +0 shield
rNeg     . . .     Faith    .   b - +0 scale mail
rPois    .         Spirit   .   (helmet restricted)
rElec    .         Reflect  .   (no cloak)
rCorr    .         Harm     .   (no gloves)
MR       .....                  h - +1 pair of boots
Stlth    ..........             (no amulet)
HPRegen  0.13/turn              (no ring)
MPRegen  0.08/turn              (no ring)

@: very slow
A: retaliatory headbutt, horns 2
a: Bend Time, Renounce Religion


You were on level 3 of the Dungeon.
You worshipped Cheibriados.
Cheibriados was aware of your devotion.
You were not hungry.

You visited 1 branch of the dungeon, and saw 3 of its levels.

You collected 106 gold pieces.

Inventory:

Hand Weapons
 a - a +0 war axe (weapon)
Armour
 b - a +0 scale mail (worn)
 c - a +0 shield (worn)
 h - a +1 pair of boots (worn)
   (You found it on level 1 of the Dungeon)
Scrolls
 w - a scroll of remove curse
 z - a scroll of blinking
Potions
 d - a potion of might
 i - 2 potions of heal wounds
 j - a potion of mutation {unknown}
 o - a potion of resistance {unknown}
Comestibles
 e - 2 rations
 n - 6 chunks of flesh


   Skills:
 + Level 4.3 Fighting
 * Level 4.1 Axes
 + Level 4.2 Armour
 + Level 1.7 Dodging
 - Level 3.6 Shields
 + Level 0.8 Invocations


You had 3 spell levels left.
You didn't know any spells.
Your spell library was empty.

Dungeon Overview and Level Annotations

Branches:
Dungeon (2/15)

Altars:
Cheibriados
Elyvilon
Gozag
Zin
The Shining One

Annotations:
D:3 Sigmund


Innate Abilities, Weirdness & Mutations

You reflexively headbutt those who attack you in melee.
You have a pair of horns on your head.


Message History

You hear some strange, mumbled words.
Something tries to affect you, but you resist.
You miss something. Your headbutt misses something.
You hear some strange, mumbled words.
You are more confused.
You barely miss something. Something hits you.
You blink.
You bump into the rock wall.
You bump into the rock wall.
Something hits you.
You feel strangely unstable.
Unknown command.
You bump into the rock wall.
Something hits you. Space bends around you.
You bump into the rock wall.
Something hits you!
You feel strangely stable.
You bump into the rock wall.
You feel less confused. Something hits you but does no damage.
Space bends around you.
* * * LOW HITPOINT WARNING * * *
You barely miss something. Something hits you!
* * * LOW HITPOINT WARNING * * *
Space warps horribly around you!!
Ouch! That really hurt!
You die...

#.#.# #. #.#.# #.
#.#.### #. #..... #
#. ### #...#
..#.###.####(.#######
.......#.............
#....####{........
####....#####@#######
#.#.........# #.#
#......)รท...# #.#
###.........# #.#
####...#### #.# #...#
#.. #...# #.# ##.##
#.# ..# #..


There were no monsters in sight!

Vanquished Creatures
  2 adders (D:2)
  4 gnolls
  2 oozes (D:1)
  2 worms (D:2)
  A dart slug (D:1)
  A leopard gecko (D:1)
  An orc (D:3)
  3 giant cockroaches
  3 goblins (D:1)
  3 hobgoblins
  9 jackals
  2 kobolds
  5 bats
  A frilled lizard (D:1)
  2 rats (D:1)
41 creatures vanquished.

Vanquished Creatures (others)
  A giant cockroach (D:3)
  A quokka (D:3)
2 creatures vanquished.

Grand Total: 43 creatures vanquished

Notes
Turn   | Place    | Note
-------+----------+-------------------------------------------
     0 | D:1      | Flugslaktarn the Minotaur Fighter began the quest for the
                  | Orb.
     0 | D:1      | Reached XP level 1. HP: 19/19 MP: 0/0
   144 | D:1      | Reached XP level 2. HP: 27/27 MP: 1/1
   297 | D:1      | Reached skill level 1 in Dodging
   417 | D:1      | Reached XP level 3. HP: 32/33 MP: 2/2
   687 | D:2      | Found a snail-covered altar of Cheibriados.
   700 | D:2      | Became a worshipper of Cheibriados the Contemplative
   722 | D:2      | Reached XP level 4. HP: 28/40 MP: 3/3
   923 | D:2      | HP: 1/40 [gnoll/+3 spear of distortion (22)]
  1302 | D:2      | Found a glowing silver altar of Zin.
  1302 | D:2      | Found a white marble altar of Elyvilon.
  1302 | D:2      | Found a glowing golden altar of the Shining One.
  1376 | D:2      | Found an opulent altar of Gozag.
  1489 | D:2      | You fall into a shaft and drop 1 floor!
  1491 | D:3      | Reached * piety under Cheibriados
  1537 | D:3      | Noticed Sigmund
  1559 | D:3      | Demolished by Sigmund

Levels and vault maps discovered:
D:1:      dpeg_arrival_chambers_temple_mockup, layout_basic,
          serial_bayou_crossing
D:2:      layout_loops_ring, good_gods_mini_temple, cheibriados_altar_1,
          lemuel_doored_altar, first_ration
D:3:      layout_loops_ring, overflow_temple_1_default, lightli_temple_of_fire,
          fiery_altar_vehumet, uniq_grinder, uniq_sigmund

Skill      XL: |  1  2  3  4 |
---------------+-------------+-----
Axes           | 3 4 |  4.1
Dodging        | 1 |  1.7
Fighting       | 4 |  4.3
Armour         | 4 |  4.2
Shields        | |  3.6
Invocations    | |  0.8

Action                   |  1- 3 |  4- 6 || total
-------------------------+-------+-------++-------
Melee: War axe           |    64 |    28 ||    92
       Headbutt          |     5 |     6 ||    11
  Use: Scroll            |       |     5 ||     5
  Eat: Chunk             |       |     2 ||     2
Armor: Scale mail        |    37 |    11 ||    48
Dodge: Dodged            |    20 |     6 ||    26
Block: Shield            |    38 |    18 ||    56
